General information
- name: BNet
- type: Ladder team game (AT/RT)
- host: Battle.net
- saver: Blahsmack
map: RiceFields
- players: 6
- length: 37:17
- speed: Fast
- version: 1.21 W3XP
- replay type: Public
» download(118 KB)
Players
team 1 (winner)
colin_mocherie (
pink | 6 APM | 238 actions | 37:15)
1 Keeper of the Grove
1 Force of Nature
» actions
| Assign group hotkey | 1 | |
| Basic commands | 10 | |
| Build / train | 14 | |
| Enter build submenu | 6 | |
| Enter hero's abilities submenu | 1 | |
| Remove unit from queue | 1 | |
| Right click | 39 | |
| Select / deselect | 137 | |
| Use ability | 29 | |
238 total
» units
» buildings
| Altar of Elders | 1 | |
| Moon Well | 3 | |
| Ancient of War | 1 | |
5 total
» build order
00:09 Altar of Elders
00:13 Moon Well
00:18 Ancient of War
03:18 Moon Well
03:22 Moon Well
Blahsmack (
blue | 45 APM | 1688 actions | 37:17)
9 Blood Mage
3 Flame Strike
3 Siphon Mana
1 Summon Phoenix
2 Banish
» actions
| Basic commands | 207 | |
| Build / train | 159 | |
| Enter build submenu | 35 | |
| Enter hero's abilities submenu | 9 | |
| Remove unit from queue | 4 | |
| Right click | 654 | |
| Select / deselect | 472 | |
| Use ability | 148 | |
1688 total
» units
| Peasant | 51 | |
| Sorceress | 6 | |
| Mortar Team | 18 | |
| Gryphon Rider | 8 | |
83 total
» upgrades
| Masonry | 3 | |
| Gunpowder | 3 | |
| Magic Sentry | 1 | |
| Sorceress Training | 2 | |
| Lumber Harvesting | 2 | |
| Fragmentation Shards | 1 | |
| Flare | 1 | |
| Storm Hammers | 1 | |
14 total
» buildings
| Altar of Kings | 1 | |
| Farm | 12 | |
| Lumber Mill | 1 | |
| Necropolis | 1 | |
| Scout Tower | 40 | |
| Town Hall | 3 | |
| Guard Tower | 21 | |
| Keep | 1 | |
| Blacksmith | 1 | |
| Arcane Vault | 2 | |
| Castle | 1 | |
| Arcane Sanctum | 1 | |
| Workshop | 3 | |
| Gryphon Aviary | 1 | |
89 total
» build order
00:08 Altar of Kings
00:12 Farm
00:42 Lumber Mill
01:49 Necropolis
02:18 Farm
02:29 Scout Tower
02:30 Scout Tower
03:04 Town Hall
04:02 Guard Tower
04:05 Farm
04:30 Farm
04:32 Farm
04:34 Scout Tower
05:20 Keep
05:31 Scout Tower
05:32 Scout Tower
05:35 Scout Tower
05:36 Scout Tower
05:47 Blacksmith
06:15 Guard Tower
06:15 Guard Tower
06:35 Guard Tower
06:41 Arcane Vault
07:42 Farm
07:44 Farm
07:49 Scout Tower
07:57 Castle
08:01 Arcane Sanctum
08:22 Guard Tower
08:24 Scout Tower
08:57 Workshop
08:59 Guard Tower
09:00 Guard Tower
10:24 Workshop
10:36 Workshop
10:40 Gryphon Aviary
13:15 Farm
13:19 Scout Tower
13:20 Scout Tower
14:58 Guard Tower
16:29 Arcane Vault
17:54 Farm
27:02 Town Hall
28:07 Town Hall
28:56 Farm
28:58 Farm
29:16 Farm
33:01 Scout Tower
33:01 Scout Tower
33:02 Scout Tower
33:03 Scout Tower
33:04 Scout Tower
33:05 Scout Tower
33:13 Scout Tower
33:13 Scout Tower
33:16 Scout Tower
33:17 Scout Tower
33:51 Guard Tower
33:55 Scout Tower
33:56 Scout Tower
33:56 Scout Tower
33:57 Scout Tower
33:59 Scout Tower
34:00 Scout Tower
34:01 Scout Tower
34:02 Scout Tower
34:03 Scout Tower
34:03 Scout Tower
34:04 Scout Tower
34:05 Scout Tower
34:05 Scout Tower
34:06 Scout Tower
34:07 Scout Tower
34:08 Scout Tower
35:06 Scout Tower
35:07 Scout Tower
35:31 Guard Tower
35:31 Guard Tower
35:56 Guard Tower
36:28 Guard Tower
36:28 Guard Tower
36:28 Guard Tower
36:49 Guard Tower
36:50 Guard Tower
37:10 Guard Tower
37:10 Guard Tower
37:15 Scout Tower
» items
| Potion of Healing | 5 | |
| Potion of Mana | 8 | |
| Orb of Fire | 3 | |
| Scroll of Town Portal | 5 | |
21 total
team 2 (loser)

»
13-lazed (
yellow | 30 APM | 595 actions | 20:04)
2 Priestess of the Moon
1 Searing Arrows
1 Trueshot Aura
» actions
| Basic commands | 6 | |
| Build / train | 63 | |
| Enter build submenu | 13 | |
| Enter hero's abilities submenu | 2 | |
| Remove unit from queue | 4 | |
| Right click | 231 | |
| Select / deselect | 251 | |
| Use ability | 25 | |
595 total
» units
| Wisp | 10 | |
| Archer | 5 | |
| Huntress | 15 | |
| Glaive Thrower | 5 | |
| Dryad | 14 | |
49 total
» upgrades
| Vorpal Blades | 1 | |
| Strength of the Moon | 1 | |
| Moon Armor | 1 | |
| Strength of the Wild | 1 | |
| Reinforced Hides | 1 | |
| Abolish Magic | 0 | |
5 total
» buildings
| Altar of Elders | 1 | |
| Moon Well | 5 | |
| Ancient of War | 1 | |
| Hunter's Hall | 1 | |
| Ancient Protector | 1 | |
| Tree of Ages | 1 | |
| Ancient of Lore | 1 | |
| Ancient of Wonders | 1 | |
12 total
» build order
00:14 Altar of Elders
00:20 Moon Well
00:53 Ancient of War
03:13 Moon Well
03:17 Hunter's Hall
04:28 Moon Well
05:33 Ancient Protector
06:41 Tree of Ages
06:50 Moon Well
13:12 Ancient of Lore
14:21 Moon Well
17:25 Ancient of Wonders
» items
bruno_tourettes (
orange | 37 APM | 1366 actions | 37:14)
6 Mountain King
3 Storm Bolt
2 Thunder Clap
1 Avatar
1 Lich
1 Frost Armor
» actions
| Basic commands | 12 | |
| Build / train | 84 | |
| Enter build submenu | 30 | |
| Enter hero's abilities submenu | 7 | |
| Remove unit from queue | 6 | |
| Right click | 780 | |
| Select / deselect | 401 | |
| Use ability | 46 | |
1366 total
» units
| Peasant | 13 | |
| Rifleman | 11 | |
| Mortar Team | 10 | |
| Archer | 4 | |
| Glaive Thrower | 5 | |
| Druid of the Claw | 7 | |
| Huntress | 5 | |
| Wisp | 2 | |
| Hippogryph | 4 | |
| Dryad | 4 | |
65 total
» upgrades
| Swords | 0 | |
| Long Rifles | 1 | |
| Fragmentation Shards | 1 | |
| Abolish Magic | 1 | |
| Hippogryph Taming | 1 | |
4 total
» buildings
| Altar of Kings | 1 | |
| Farm | 9 | |
| Barracks | 1 | |
| Lumber Mill | 1 | |
| Blacksmith | 1 | |
| Keep | 1 | |
| Workshop | 2 | |
| Castle | 2 | |
| Town Hall | 1 | |
| Moon Well | 6 | |
| Ancient of Wind | 1 | |
| Tree of Life | 2 | |
| Tree of Eternity | 0 | |
28 total
» build order
00:05 Altar of Kings
00:10 Farm
01:08 Barracks
01:55 Lumber Mill
02:59 Blacksmith
04:22 Farm
05:09 Farm
05:12 Keep
06:38 Farm
07:52 Workshop
09:10 Farm
09:12 Castle
09:49 Farm
11:13 Farm
13:11 Workshop
14:18 Farm
17:33 Farm
19:54 Town Hall
26:19 Moon Well
26:34 Ancient of Wind
27:15 Moon Well
28:30 Moon Well
29:28 Tree of Life
29:33 Moon Well
30:36 Moon Well
30:40 Tree of Eternity
31:33 Moon Well
32:48 Tree of Life
CentaurChieftan (
purple | 38 APM | 770 actions | 20:13)
3 Lich
2 Frost Nova
1 Frost Armor
» actions
| Build / train | 18 | |
| Enter build submenu | 8 | |
| Enter hero's abilities submenu | 3 | |
| Right click | 581 | |
| Select / deselect | 143 | |
| Use ability | 17 | |
770 total
» units
| Ghoul | 3 | |
| Crypt Fiend | 7 | |
| Acolyte | 1 | |
11 total
» buildings
| Altar of Darkness | 1 | |
| Ziggurat | 4 | |
| Crypt | 1 | |
| Nerubian Tower | 2 | |
| Graveyard | 1 | |
| Halls of the Dead | 1 | |
10 total
» build order
00:06 Altar of Darkness
00:14 Ziggurat
00:21 Crypt
01:34 Nerubian Tower
03:15 Graveyard
06:42 Ziggurat
09:32 Nerubian Tower
14:13 Halls of the Dead
15:10 Ziggurat
15:57 Ziggurat
Chat log
(01:32 / Allies) colin_mocherie: whtf u selfish pig
(02:50 / Allies) colin_mocherie: wtf were u trying to do?
(04:14 / Allies) colin_mocherie: ur an idiot itsa 2v3
(04:21 / Allies) Blahsmack: then quit too
(06:15 / All) CentaurChieftan: leave
(06:52 / All) CentaurChieftan: ORANGE COME
(07:24 / All) colin_mocherie: dont worry u win hit mid base
(08:00 / All) colin_mocherie: noobs shouldnt win so blue isnt gonna
(08:12 / All) Blahsmack: not my fault teal sold his base
(08:16 / All) Blahsmack: you stupid shit
(08:24 / All) CentaurChieftan: JUST LEAVE
(08:26 / Allies) colin_mocherie: u did that
(08:31 / Allies) Blahsmack: no idiot
(08:34 / Allies) Blahsmack: he sold his base
(08:35 / Allies) Blahsmack: then left
(08:40 / Allies) Blahsmack: you fucking dolt
(08:46 / Allies) colin_mocherie: up urs
(08:47 / All) CentaurChieftan: we got to get some artillary
(08:47 / Allies) Blahsmack: youd know that if you werent so fucking stupid
(08:51 / Allies) Blahsmack: and un willing
(09:19 / Allies) colin_mocherie: how da fuck am i unwilling
(09:28 / All) Blahsmack: you quit
(09:31 / All) Blahsmack: just like teal
(09:36 / All) Blahsmack: youre a quitter a failure
(09:38 / All) Blahsmack: you dont try
(09:45 / All) 13-lazed: bitch please
(09:46 / All) Blahsmack: i hope you go far in life
(10:23 / All) colin_mocherie: im just here cos i wana watch blue squirm
(13:37 / Allies) colin_mocherie: now i am regrtitng quiting cos ur doing good considering what they got on u
(13:49 / All) Blahsmack: youre a dumb nigger pin k
(14:22 / Allies) colin_mocherie: im white accutlay
(14:26 / Allies) Blahsmack: youre anigger
(14:30 / Allies) Blahsmack: in sheeps clothing
(14:35 / All) colin_mocherie: blues n\moving to attk
(14:41 / Allies) Blahsmack: when the white man comes to cleanse america
(14:56 / Allies) colin_mocherie: im not in america
(15:09 / Allies) colin_mocherie: and im not black
(17:21 / Allies) Blahsmack: dumb qutting faggot
(17:26 / Allies) Blahsmack: youre a cut and run liberal right
(17:27 / Allies) Blahsmack: you faggot
(17:39 / Allies) Blahsmack: you and john kerry can get lynched
(17:44 / Allies) colin_mocherie: im not american
(17:56 / Allies) colin_mocherie: ignorant usa pig
(18:34 / Allies) colin_mocherie: lol u base
(21:19 / Allies) Blahsmack: huuuur pink
(21:21 / Allies) Blahsmack: 1v3
(21:25 / Allies) Blahsmack: i just won you this
(21:33 / Allies) colin_mocherie: i kno
(21:43 / Allies) colin_mocherie: an i thk u 4 it
(23:38 / All) bruno_tourettes: blue
(23:44 / All) bruno_tourettes: wanna at?
(23:58 / All) Blahsmack: let me win this since pink was a faggot
(24:11 / All) bruno_tourettes: blue
(24:15 / All) bruno_tourettes: lets play at??
(24:18 / Allies) Blahsmack: yea
(24:20 / All) Blahsmack: yes
(24:27 / All) bruno_tourettes: after that
(24:30 / All) Blahsmack: let me win this though pink is ahuge faggot
(24:31 / All) bruno_tourettes: go to channel cgg
(24:37 / All) bruno_tourettes: you me and my friend ok?
(25:19 / All) bruno_tourettes: ok
(25:26 / All) bruno_tourettes: ok blue|?
(25:29 / All) Blahsmack: ok!
(25:30 / All) bruno_tourettes: channel cgg
(26:22 / Allies) Blahsmack: maybe you should find a new game pink
(26:31 / Allies) Blahsmack: since you acted likea complete and utter fucking child
(26:45 / Allies) colin_mocherie: nah u look like u winning so if u win i still win
(26:54 / Allies) Blahsmack: deserved to be cut in two by an on comming train right in front your family
(27:10 / Allies) colin_mocherie: harsh
(27:47 / Allies) colin_mocherie: but arther this game ull never hear frm me agasin
(30:58 / All) bruno_tourettes: lets make a war blue?
(31:39 / All) bruno_tourettes: blue
(31:40 / All) bruno_tourettes: ?
(31:53 / All) colin_mocherie: nah hes in his base
(32:07 / All) bruno_tourettes: come
(32:10 / All) bruno_tourettes: atack me
(33:30 / All) bruno_tourettes: gg
(34:09 / Allies) colin_mocherie: y did u stop making units
(36:24 / All) bruno_tourettes: gg
(36:26 / All) bruno_tourettes: blue
(36:30 / All) bruno_tourettes: lets play at?
(36:31 / All) Blahsmack: quit noob
(36:33 / All) Blahsmack: no
(36:37 / All) Blahsmack: for making do this shit
(36:39 / Allies) Blahsmack: fuck everyone
(36:44 / All) Blahsmack: fuck you all
(36:45 / All) bruno_tourettes: why?
(36:48 / All) bruno_tourettes: lets play
(36:59 / All) colin_mocherie: r u death